 Dungeon Crawl Stone Soup version 0.25.1-2-g60ff931df9 (webtiles) character file.

Game seed: 2604355607781503698

10329 gruber the Protected (level 11, -1/76 HPs)
             Began as a Vine Stalker Fighter on Sept 27, 2020.
             Was a High Priest of Okawaru.
             Slain by a bone dragon (9 damage)
             ... on level 1 of the Abyss.
             The game lasted 00:14:41 (9531 turns).

gruber the Protected (Vine Stalker Fighter)         Turns: 9531, Time: 00:14:42

Health: -1/76      AC: 16    Str: 22    XL:     11   Next: 60%
Magic:  0/12       EV:  5    Int:  8    God:    Okawaru [*****.]
Gold:   502        SH: 11    Dex: 14    Spells: 10/10 levels left

rFire    + . .     SeeInvis +   N - +3 scimitar (flame)
rCold    . . .     Gourm    .   c - +0 kite shield
rNeg     . . .     Faith    .   M - +0 plate armour {rF+}
rPois    .         Spirit   +   (no helmet)
rElec    .         Reflect  .   (no cloak)
rCorr    .         Harm     .   I - +0 pair of gloves
MR       +....                  (no boots)
Stlth    ..........             (no amulet)
HPRegen  0.62/turn              y - ring of see invisible
MPRegen  0.13/turn              (no ring)

@: berserking, very slightly contaminated, hasted, invisible, very quick
A: fangs 3, regeneration 1, magic shield, antimagic bite, no potion heal 3, rot
immunity
a: Heroism, Finesse, Renounce Religion


You were on level 1 of the Abyss.
You worshipped Okawaru.
Okawaru was extremely pleased with you.
You were hungry.

You visited 2 branches of the dungeon, and saw 13 of its levels.
You visited the Abyss 1 time.
You also visited: Sewer and Ossuary.

You collected 664 gold pieces.
You spent 162 gold pieces at shops.

Inventory:

Hand Weapons
 N - a +3 scimitar of flaming (weapon)
Missiles
 g - 39 poisoned darts
 J - 9 javelins (quivered)
 L - 9 curare-tipped darts
Armour
 c - a +0 kite shield (worn)
 I - a +0 pair of gloves (worn)
 M - a +0 plate armour of fire resistance (worn)
Jewellery
 b - an uncursed ring of ice {unknown}
 j - a cursed amulet of inaccuracy {unknown}
 n - a cursed ring of teleportation {unknown}
 y - a ring of see invisible (left hand)
Wands
 u - a wand of acid (8)
 B - a wand of iceblast (10)
 E - a wand of flame (26)
 G - a wand of disintegration (15)
 H - a wand of clouds (2)
 K - a wand of random effects (40)
Scrolls
 a - a scroll of enchant weapon {unknown}
 e - 2 scrolls of noise {unknown}
 h - 5 scrolls of blinking
 m - 4 scrolls of identify
 o - 7 scrolls of teleportation
 p - 4 scrolls of enchant armour {unknown}
 r - a scroll of magic mapping {unknown}
 s - a scroll of fear {unknown}
 t - 5 scrolls of remove curse {unknown}
 w - a scroll of random uselessness {unknown}
 F - a scroll of immolation {unknown}
Potions
 d - a potion of might
 i - a potion of brilliance
 k - a potion of ambrosia
 l - 4 potions of stabbing
 q - 2 potions of lignification
 v - 6 potions of curing
 x - 3 potions of mutation
 z - 5 potions of flight
 A - a potion of cancellation
 C - a potion of haste
 D - a potion of resistance
 O - a potion of invisibility {unknown}
Comestibles
 f - 14 rations


   Skills:
 - Level 2.6 Fighting
   Level 1.0(6.4) Short Blades
 - Level 10.0(10.1) Long Blades
 * Level 10.2 Armour
 - Level 8.0 Shields


You had 10 spell levels left.
You didn't know any spells.
Your spell library contained the following spells:

 Spells                   Type           Power        Failure   Level  Hunger
 Corona                   Hex            #......      100%        1    ##.....
 Summon Small Mammal      Summ           #...         100%        1    ##.....
 Call Imp                 Summ           #.......     100%        2    ###....
 Slow                     Hex            #.......     100%        2    ###....
 Call Canine Familiar     Summ           #.......     100%        3    ####...
 Inner Flame              Hex/Fire       #.......     100%        3    ####...
 Portal Projectile        Hex/Tloc       #.....       100%        3    ####...
 Summon Guardian Golem    Hex/Summ       #.......     100%        3    ####...
 Cause Fear               Hex            #.........   100%        4    #####..
 Leda's Liquefaction      Hex/Erth       #.........   100%        4    #####..
 Summon Ice Beast         Ice/Summ       #.......     100%        4    #####..
 Summon Lightning Spire   Summ/Air       #.......     100%        4    #####..
 Chain Lightning          Conj/Air       #.........   100%        8    #######
 Lehudib's Crystal Spear  Conj/Erth      #.........   100%        8    #######
 Absolute Zero            Ice            #.........   100%        9    #######
 Fire Storm               Conj/Fire      #.........   100%        9    #######


Dungeon Overview and Level Annotations

Branches:
Dungeon (12/15)            Temple (1/1) D:7            Lair (0/6) D:11
    Orc (0/2) D:9           Sewer (visited)         Ossuary (visited)

Altars:
Ashenzari
Cheibriados
Dithmenos
Elyvilon
Fedhas
Gozag
Hepliaklqana
Kikubaaqudgha
Makhleb
Nemelex Xobeh
Okawaru
Qazlal
Ru
Sif Muna
Trog
Uskayaw
Vehumet
Wu Jian
Xom
Yredelemnul
Zin
The Shining One
Beogh

Shops:
D:4 *   D:5 *   D:9 ?   D:10 =

Annotations:
D:5 Prince Ribbit
D:7 2 transporters, 3 runed translucent doors, lepoulpe303's ghost, novice TrAK
D:8 2 transporters, Cael's ghost, novice TrTm
D:10 3 runed translucent doors
D:11 Sonja


Innate Abilities, Weirdness & Mutations

You have razor-sharp teeth.
Your natural rate of healing is unusually fast.
When hurt, damage is shared between your health and your magic reserves.
Your bite disrupts and absorbs the magic of your enemies.
Potions cannot restore your health.
You are immune to rotting.


Message History

You destroy the small abomination!
Okawaru accepts your kill. You block the bone dragon's attack.
The bone dragon completely misses you.
The bone dragon tramples you but does no damage.
You block the ufetubus's attack.
The ufetubus hits you but does no damage.
You slice the ynoxinul!! You burn the ynoxinul!
You kill the ynoxinul!
Okawaru accepts your kill.
The ufetubus disappears in a puff of smoke! x4
You block the bone dragon's attack. The bone dragon barely misses you.
The bone dragon tramples you!
* * * LOW HITPOINT WARNING * * *
You hold your ground!
You slash the apocalypse crab!
The apocalypse crab is lightly wounded.
The bone dragon bites you.
* * * LOW HITPOINT WARNING * * *
The bone dragon claws you!
You die...

. # .##. #$ #
. . .5# . #.
.##5 # # .
... # #. §.#
. .
####55§.#.#§.
#§h. # # .
##t# # . # .
#§@# h# ..
###D3.##
#5x§.# #
.5...## .##..
.# .. #


You could see a bone dragon (fast), an apocalypse crab, a smoke demon (strong),
a raiju, a small abomination, a quasit and 2 white imps.

Vanquished Creatures
  Erica (D:8)
  A two-headed ogre (D:10)
  An unseen horror (D:11)
  Pikel (D:8)
  A manticore (D:12)
  Joseph (D:8)
  A centaur zombie (D:11)
  2 raiju (Abyss:1)
  A hippogriff (D:8)
  Sigmund (D:5)
  A ynoxinul (Abyss:1)
  A wyvern (D:8)
  A large abomination (Abyss:1)
  A neqoxec (Abyss:1)
  4 vampire mosquitoes (D:11)
  Grum (D:10)
  2 slaves (D:8)
  5 ice beasts
  A black bear (D:7)
  9 orc warriors
  A sky beast (D:5)
  An ogre (D:6)
  2 phantoms
  2 wolves (D:10)
  5 centaurs
  A small abomination (Abyss:1)
  2 big kobolds
  3 bullfrogs
  A gnoll sergeant (D:8)
  2 water moccasin zombies (Ossuary)
  2 scorpions
  7 wights
  4 killer bees (D:12)
  4 howler monkeys
  2 crimson imps
  A bullfrog zombie (D:8)
  A quasit (D:10)
  A hound (D:11)
  10 orc wizards
  4 jellies
  6 orc priests
  2 centaur skeletons
  2 iguanas
  6 worker ants
  4 big kobold zombies (Ossuary)
  2 hound zombies
  A hound skeleton (D:10)
  2 mummies (Ossuary)
  15 gnolls
  A howler monkey skeleton (D:4)
  2 river rats (Sewer)
  8 adders
  2 shadow imps
  5 adder zombies (Ossuary)
  3 dart slugs
  5 leopard geckos
  40 orcs
  2 ball pythons (D:1)
  4 giant cockroaches
  A gnoll zombie (Ossuary)
  6 goblins
  8 hobgoblins
  2 jackals (Sewer)
  15 kobolds
  4 quokkas
  8 bats
  3 frilled lizards
  2 hobgoblin zombies (Ossuary)
  A jackal skeleton (D:5)
  4 kobold zombies (Ossuary)
  A leopard gecko zombie (D:5)
  4 orc zombies (Ossuary)
  2 quokka skeletons
  9 rats
275 creatures vanquished.

Vanquished Creatures (others)
  A scorpion (D:8)
  An orc wizard (D:8)
  2 orcs
4 creatures vanquished.

Grand Total: 279 creatures vanquished

Notes
Turn   | Place    | Note
-------+----------+-------------------------------------------
     0 | D:1      | gruber the Vine Stalker Fighter began the quest for the
                  | Orb.
     0 | D:1      | Reached XP level 1. HP: 11/11 MP: 2/2
   265 | D:1      | Reached XP level 2. HP: 16/16 MP: 3/3
   539 | D:1      | Reached XP level 3. HP: 19/19 MP: 4/4
  1362 | D:3      | Gained mutation: Your natural rate of healing is unusually
                  | fast. [Vine Stalker growth]
  1362 | D:3      | Reached XP level 4. HP: 23/23 MP: 5/5
  1425 | D:3      | Found a faded altar of an unknown god.
  1553 | D:3      | Reached XP level 5. HP: 11/27 MP: 2/6
  1867 | D:3      | Found a hide-covered altar of Uskayaw.
  2298 | D:3      | Reached skill level 5 in Long Blades
  2390 | D:4      | Reached XP level 6. HP: 21/32 MP: 7/7
  2413 | D:4      | Found Luninumo's Assorted Antiques.
  2529 | D:4      | Reached XP level 7. HP: 35/35 MP: 6/8
  2537 | D:4      | Reached skill level 1 in Short Blades
  2641 | D:4      | Found a glowing drain.
  2645 | Sewer    | Entered a sewer
  2837 | Sewer    | Found a white marble altar of Elyvilon.
  3046 | D:4      | Found a shattered altar of Ashenzari.
  3160 | D:5      | Entered Level 5 of the Dungeon
  3226 | D:5      | Noticed Sigmund
  3241 | D:5      | Killed Sigmund
  3241 | D:5      | Reached skill level 5 in Shields
  3274 | D:5      | Found Quotus's Assorted Antiques.
  3440 | D:5      | Found a sand-covered staircase.
  3445 | Ossuary  | Entered an ossuary
  3533 | Ossuary  | Gained mutation: You have razor-sharp teeth. [Vine Stalker
                  | growth]
  3533 | Ossuary  | Reached XP level 8. HP: 35/39 MP: 7/9
  3736 | D:5      | Noticed Prince Ribbit
  4437 | D:6      | Reached XP level 9. HP: 32/43 MP: 10/10
  4473 | D:6      | Found a sacrificial altar of Ru.
  4995 | D:7      | Found a transporter.
  5088 | D:7      | Found a roughly hewn altar of Beogh.
  5088 | D:7      | Found a transporter.
  5144 | D:7      | Found the +0 pair of fencer's gloves {Riposte Dex+3}
  5314 | D:7      | Found a staircase to the Ecumenical Temple.
  5345 | Temple   | Entered the Ecumenical Temple
  5469 | Temple   | Became a worshipper of Warmaster Okawaru
  5638 | D:7      | Found a runed translucent gate.
  5638 | D:7      | Found a runed translucent gate.
  5639 | D:7      | Found a runed translucent gate.
  5642 | D:7      | Noticed lepoulpe303's ghost (novice TrAK)
  6381 | D:8      | Noticed Pikel
  6412 | D:8      | Killed Pikel
  6412 | D:8      | Reached * piety under Okawaru
  6594 | D:8      | Reached skill level 10 in Long Blades
  6618 | D:8      | Reached XP level 10. HP: 37/47 MP: 11/11
  6688 | D:8      | Noticed Joseph
  6688 | D:8      | Noticed Erica
  6713 | D:8      | Killed Joseph
  6713 | D:8      | Reached ** piety under Okawaru
  6732 | D:8      | Killed Erica
  6732 | D:8      | Reached *** piety under Okawaru
  6732 | D:8      | Reached skill level 5 in Armour
  6783 | D:8      | Found a shadowy altar of Dithmenos.
  6783 | D:8      | Found a burning altar of Makhleb.
  6784 | D:8      | Found a bloodstained altar of Trog.
  6864 | D:8      | Found a white marble altar of Elyvilon.
  6958 | D:8      | Found a shimmering altar of Xom.
  6963 | D:8      | Found an opulent altar of Gozag.
  6963 | D:8      | Found a hide-covered altar of Uskayaw.
  6965 | D:8      | Found a sparkling altar of Nemelex Xobeh.
  6965 | D:8      | Found a basalt altar of Yredelemnul.
  6965 | D:8      | Found a shadowy altar of Dithmenos.
  6982 | D:8      | Found a transporter.
  6982 | D:8      | Noticed Cael's ghost (novice TrTm)
  6987 | D:8      | Found a transporter.
  7362 | D:9      | Found a shimmering blue altar of Sif Muna.
  7425 | D:9      | HP: 2/47 [orc warrior/+0 scimitar (4)]
  7653 | D:9      | Found Jaixat's Magic Scroll Boutique.
  7656 | D:9      | Bought a scroll of blinking for 97 gold pieces
  7656 | D:9      | Bought a scroll of identify for 26 gold pieces
  7656 | D:9      | Bought a scroll of teleportation for 39 gold pieces
  7815 | D:9      | Found a staircase to the Orcish Mines.
  8098 | D:10     | Entered Level 10 of the Dungeon
  8101 | D:10     | Found Ibbo's Jewellery Boutique.
  8114 | D:10     | Noticed Grum
  8131 | D:10     | Killed Grum
  8175 | D:10     | You fall into a shaft and drop 2 floors!
  8254 | D:12     | Reached **** piety under Okawaru
  8292 | D:12     | Noticed a manticore
  8303 | D:12     | Killed a manticore
  8324 | D:11     | Reached XP level 11. HP: 48/51 MP: 10/12
  8350 | D:10     | Noticed a two-headed ogre
  8357 | D:10     | HP: 2/51 [two-headed ogre/+0 giant club (15)]
  8358 | D:10     | Killed a two-headed ogre
  8745 | D:10     | Found a runed translucent gate.
  8745 | D:10     | Found a runed translucent gate.
  8745 | D:10     | Found a runed translucent gate.
  8745 | D:10     | Noticed a white very ugly thing
  8745 | D:10     | Noticed a brown ugly thing
  8745 | D:10     | Noticed a green ugly thing
  8745 | D:10     | Noticed a purple ugly thing
  8745 | D:10     | Noticed a purple ugly thing
  8746 | D:10     | Noticed a cyan ugly thing
  8746 | D:10     | Noticed a purple ugly thing
  8951 | D:11     | Reached ***** piety under Okawaru
  9064 | D:11     | Noticed an unseen horror
  9077 | D:11     | Killed an unseen horror
  9089 | D:11     | Found a staircase to the Lair.
  9130 | D:11     | Received a gift from Okawaru
  9364 | D:11     | Noticed Sonja
  9370 | D:11     | Cast into level 1 of the Abyss (Sonja)
  9493 | Abyss:1  | Noticed a bone dragon
  9505 | Abyss:1  | Reached skill level 10 in Armour
  9531 | Abyss:1  | Slain by a bone dragon

Illustrated notes

Levels and vault maps discovered:
D:1:      lightli_arrival_quake, layout_loops_cross
D:2:      layout_rooms
D:3:      layout_basic, overflow_temple_1_default,
          chequers_ecumenical_altar_island, kennysheep_generic_room_15
D:4:      layout_rooms, kennysheep_mini_moat, serial_curves, eino_curves_04,
          eino_curves_03, serial_shops, nicolae_shop_trees, first_ration,
          gup_sewer_entry_bowl
D:5:      layout_basic, nicolae_ossuary_entry_plus, serial_shops,
          nicolae_shop_statue_plus, uniq_prince_ribbit1, uniq_sigmund
D:6:      layout_loops_ring, nicolae_ru_awakened_eye
D:7:      gammafunk_beogh_shrine, layout_basic, minmay_temple_entry_mini_moons,
          gammafunk_ghost_necromancy
D:8:      layout_basic, doesnt_xom_only_xom, lemuel_doored_altar,
          gammafunk_temple_overflow_claw, gammafunk_ghost_mausoleum, uniq_pikel,
          uniq_joseph, uniq_erica
D:9:      layout_loops_ring, lemuel_blue_sif_altar, david_orc_4, serial_shops,
          shop
D:10:     layout_roguey, ploomutoo_gammafunk_ghost_potion_laboratory,
          serial_shops, shop, uniq_grum
D:11:     layout_loops_ring, lair_entry_dummy, hangedman_ranch
          [blue_anna_fruit_fields], uniq_sonja
D:12:     minmay_chopped_fan, layout_basic
Temple:   dshaligram_water_room_temple
Abyss:1:  base:
D:15

Skill      XL: |  1  2  3  4  5  6  7  8  9 10 11 |
---------------+----------------------------------+-----
Long Blades    | 2 3 4 5 6 10 | 10.0
Shields        | 3 6 8 |  8.0
Short Blades   | 1 |  1.0
Armour         | 3 8 10 | 10.2
Fighting       | |  2.6

Action                   |  1- 3 |  4- 6 |  7- 9 | 10-12 || total
-------------------------+-------+-------+-------+-------++-------
Melee: Long sword        |    88 |    92 |       |       ||   180
       Bite              |    26 |    33 |   208 |   105 ||   372
       Short sword       |       |    23 |   572 |    37 ||   632
       Scimitar          |       |       |       |   280 ||   280
Throw: Javelin           |       |     3 |     5 |       ||     8
       Dart              |       |     2 |    10 |       ||    12
Invok: Heroism           |       |       |       |     4 ||     4
       Finesse           |       |       |       |     1 ||     1
Evoke: Wand              |       |       |       |     1 ||     1
  Use: Scroll            |       |       |       |    10 ||    10
  Eat: Chunk             |     1 |     4 |    11 |     9 ||    25
       Ration            |       |       |     1 |       ||     1
Armor: Scale mail        |    35 |    46 |   178 |    25 ||   284
       Plate armour      |       |       |       |   123 ||   123
Dodge: Dodged            |    32 |    31 |   117 |    65 ||   245
Block: Kite shield       |    44 |    60 |   260 |   172 ||   536
       Rpst.: Long sword |     9 |    10 |       |       ||    19
       Scimitar          |       |       |       |    18 ||    18
